 Dungeon Crawl Stone Soup version 0.20.0-8-g6b59dc7 (webtiles) character file.

147 IcySystem the Stinger (level 5, 0/33 HPs)
             Began as an Octopode Venom Mage on May 29, 2017.
             Killed by divine providence
             ... invoked by an orc priest
              (9 damage)
             ... on level 4 of the Dungeon.
             The game lasted 00:09:21 (2674 turns).

IcySystem the Stinger (Octopode Venom Mage)         Turns: 2674, Time: 00:09:22

Health: 0/33       AC:  1    Str:  8    XL:     5   Next: 29%
Magic:  3/9        EV: 14    Int: 17    God:
Gold:   175        SH:  0    Dex: 13    Spells: 5/9 levels left

rFire    . . .     SeeInvis .   d - +0 whip (flame)
rCold    . . .     Gourm    .   (no shield)
rNeg     . . .     Faith    .   (helmet restricted)
rPois    .         Spirit   .   (no amulet)
rElec    .         Reflect  .   (no ring)
rCorr    .         Harm     .   (no ring)
MR       .....                  (no ring)
Stlth    +++.......             (no ring)
Regen    0.2/turn               (no ring)
MPRegen  0.2/turn               (no ring)
                                (no ring)
                                (no ring)

@: no status effects
A: almost no armour, stealthy swim, amphibious, 8 rings, constrict 8, camouflage
1, gelatinous body 1
a: no special abilities


You were on level 4 of the Dungeon.
You were hungry.

You visited 1 branch of the dungeon, and saw 4 of its levels.

You collected 175 gold pieces.

Inventory:

Hand Weapons
 d - a +0 whip of flaming (weapon)
 t - a +0 blowgun
Missiles
 r - 7 silver tomahawks (quivered)
 u - 23 poisoned needles
Scrolls
 i - 3 scrolls of identify {unknown}
 j - 2 scrolls of remove curse {unknown}
 l - a scroll of fog {unknown}
 m - a scroll of amnesia {unknown}
 o - a scroll of recharging {unknown}
 p - a scroll of magic mapping {unknown}
 q - 2 scrolls of enchant armour {unknown}
Potions
 c - a potion of lignification {unknown}
 e - a potion of flight {unknown}
 h - 3 potions of degeneration {unknown}
 k - a potion of heal wounds {unknown}
 n - a potion of curing {unknown}
Books
 a - a Young Poisoner's Handbook

   Spells                             Type                      Level
   a - Sting                          Conjuration/Poison           1
   b - Poisonous Vapours              Poison/Air                   2
   c - Mephitic Cloud                 Conjuration/Poison/Air       3
   d - Olgreb's Toxic Radiance        Poison                       4
   e - Venom Bolt                     Conjuration/Poison           5
Comestibles
 b - a bread ration
 g - 2 meat rations
 s - a royal jelly


   Skills:
 - Level 1.6 Fighting
 - Level 2.0 Maces & Flails
 - Level 2.4 Dodging
 - Level 3.1 Stealth
 + Level 2.8 Spellcasting
 - Level 1.0 Conjurations
 + Level 4.7 Poison Magic


You had 5 spell levels left.
You knew the following spells:

 Your Spells              Type           Power        Failure   Level  Hunger
a - Sting                 Conj/Pois      ##..         5%          1    #......
b - Mephitic Cloud        Conj/Pois/Air  #.......     24%         3    ###....


Dungeon Overview and Level Annotations

Branches:
Dungeon (4/15)
 Temple: D:4-7

Altars:

Annotations:
D:4 Edmund


Innate Abilities, Weirdness & Mutations

You cannot wear most types of armour.
You are very stealthy in the water. (Stealth+)
You are amphibious.
You can wear up to eight rings at the same time.
You can use your tentacles to constrict eight enemies at once.
Your skin changes colour to match your surroundings (Stealth+).
Your rubbery body absorbs attacks. (AC +1, EV +1)


Message History

You barely resist.
Casting: Sting
Confirm with . or Enter, or press ? or * to list all spells.
Aiming: Sting
Press: ? - help, Shift-Dir - straight line, f/p - orc priest
Aim: an orc priest, wielding a flail and wearing a ring mail (moderately wounded)
The sting hits the orc priest.
The orc priest appears unharmed.
The orc priest is moderately wounded.
The orc priest hits you with a flail!
You closely miss the orc priest. Your grab misses the orc priest.
The orc priest is moderately wounded.
The orc priest calls down the wrath of Beogh upon you.
Pain shoots through your body!
* * * LOW HITPOINT WARNING * * *
You hit the orc priest. You burn the orc priest.
Your grab misses the orc priest. Your squeeze misses the orc priest.
The orc priest is heavily wounded.
The orc priest invokes the aid of Beogh against you.
Beogh smites you!
You die...

#................##
#........#.o.......
......<.....o....#. #
#.#................ #.
#.#..#.##.#.#.#.##. #..
#.#..#.#.#....#....
##...#.......###..##....
#......o..#.#.#.### #.#[
#..@#.#.#...# .
#..$#.#.#...#
#####...#...####
#..†.......##.#
#..!..........#
#..........####
#..##...#### .....##...#
.......(...#


You could see an orc priest.

Vanquished Creatures
  2 worker ants (D:4)
  4 adders
  A dart slug (D:2)
  2 leopard geckos
  4 bats
  2 giant cockroaches
  6 hobgoblins
  10 jackals
  11 kobolds
  A quokka (D:3)
  2 ball pythons
  A frilled lizard (D:3)
  6 goblins
  9 rats
61 creatures vanquished.

Notes
Turn   | Place    | Note
-------+----------+-------------------------------------------
     0 | D:1      | IcySystem the Octopode Venom Mage began the quest for the Orb.
     0 | D:1      | Reached XP level 1. HP: 11/11 MP: 3/3
   250 | D:1      | Reached skill level 4 in Poison Magic
   269 | D:1      | Reached XP level 2. HP: 18/18 MP: 1/5
   705 | D:1      | Reached skill level 1 in Maces & Flails
   709 | D:1      | Reached XP level 3. HP: 22/22 MP: 3/6
   811 | D:1      | Learned a level 3 spell: Mephitic Cloud
  1399 | D:2      | Reached skill level 1 in Fighting
  1458 | D:2      | Reached XP level 4. HP: 28/28 MP: 5/7
  2292 | D:4      | Reached XP level 5. HP: 33/33 MP: 3/8
  2451 | D:4      | Noticed Edmund
  2674 | D:4      | Killed from afar by an orc priest

Skill      XL: |  1  2  3  4 |
---------------+-------------+-----
Poison Magic   | 4 |  4.7
Stealth        | 3 |  3.1
Maces & Flails | 1 2 |  2.0
Fighting       | 1 |  1.6
Dodging        | |  2.4
Spellcasting   | |  2.8
Conjurations   | |  1.0

Action                   |  1- 3 |  4- 6 || total
-------------------------+-------+-------++-------
Melee: Unarmed           |     9 |       ||     9
       Constrict         |     9 |     6 ||    15
       Whip              |    31 |    22 ||    53
       Tentacles         |     5 |     2 ||     7
 Cast: Sting             |    47 |    47 ||    94
 Stab: Sleeping          |     1 |     1 ||     2
  Eat: Chunk             |     2 |     4 ||     6
Armor: Skin              |     4 |     2 ||     6
Dodge: Dodged            |    30 |    13 ||    43
